 Dungeon Crawl Stone Soup version 0.15.2 (webtiles) character file.

9 Huymann the Ogre Mage (level 2, 0/24 HPs)
             Began as an Ogre Wizard on Nov 26, 2018.
             Slain by a kobold
             ... wielding a +0 short sword
              (3 damage)
             ... on Level 1 of the Dungeon.
             The game lasted 00:05:16 (674 turns).

Huymann the Ogre Mage (Ogre Wizard)                  Turns: 674, Time: 00:05:17

HP   0/24        AC  3     Str 11      XL: 2   Next: 16%
MP   0/6         EV  9     Int 17      God:
Gold 22          SH  0     Dex  8      Spells:  1 memorised,  7 levels left

rFire  . . .     SeeInvis .     f - +0 club
rCold  . . .     Clarity  .     a - +0 robe
rNeg   . . .     rCorr    .     (shield restricted)
rPois  .         rRot     .     b - +0 hat
rElec  .         Spirit   .     (no cloak)
SustAb .         Warding  .     (gloves unavailable)
rMut   .         Stasis   .     (boots unavailable)
Gourm  .                        (no amulet)
MR     .....                    (no ring)
                                (no ring)

@: very slightly contaminated, not resistant to hostile enchantments, very
unstealthy
A: unfitting armour, tough skin 1
a: no special abilities


You were on level 1 of the Dungeon.
You were not hungry.

You visited 1 branch of the dungeon, and saw 1 of its levels.

You collected 22 gold pieces.

Inventory:

Hand weapons
 f - a +0 club (weapon)
Missiles
 h - 4 tomahawks
 m - 21 stones (quivered)
Armour
 a - a +0 robe (worn)
 b - a +0 hat (worn)
Comestibles
 d - a meat ration
 i - a rotting chunk of rat flesh
 j - a rotting chunk of giant newt flesh
 n - 4 fruits
Scrolls
 k - a scroll of teleportation {unknown}
 l - a scroll of fear {unknown}
Potions
 e - 2 potions of heal wounds {unknown}
 g - a potion of curing {unknown}
Books
 c - a book of Minor Magic

   Spells                             Type                      Level
   *Magic Dart                        Conjuration                  1
   Blink                              Translocation                2
   Call Imp                           Summoning                    2
   Repel Missiles                     Charms/Air                   2
   Slow                               Hexes                        2
   Conjure Flame                      Conjuration/Fire             3
   Mephitic Cloud                     Conjuration/Poison/Air       3


   Skills:
 + Level 1.8 Dodging
 * Level 1.8 Stealth
 * Level 3.9 Spellcasting
 * Level 0.8 Conjurations
   Level 0.6 Summonings
   Level 0.6 Translocations


You had 7 spell levels left.
You knew the following spells:

 Your Spells              Type           Power        Failure   Level  Hunger
a - Magic Dart            Conj           #...         14%         1    None


Dungeon Overview and Level Annotations

Branches:
Dungeon (1/15)

Altars:


Innate Abilities, Weirdness & Mutations

You are too large for most types of armour.
You have tough skin (AC +1).


Message History

Aiming: Magic Dart
Press: ? - help, Shift-Dir - straight line, f/p - kobold
Aim: a kobold, wielding a short sword (moderately wounded)
You miscast Magic Dart.
You are momentarily dazzled by a flash of light!
The kobold hits you but does no damage.
Casting: Magic Dart
Confirm with . or Enter, or press ? or * to list all spells.
Aiming: Magic Dart
Press: ? - help, Shift-Dir - straight line, f/p - kobold
Aim: a kobold, wielding a short sword The magic dart hits the kobold.
The kobold closely misses you.
Casting: Magic Dart
Confirm with . or Enter, or press ? or * to list all spells.
Aiming: Magic Dart
Press: ? - help, Shift-Dir - straight line, f/p - kobold
Aim: a kobold, wielding a short sword You miscast Magic Dart.
Your skin glows momentarily.
The kobold hits you with a short sword.
You die...

. .............# . .....
.............######.# #.....
....................# #.....
..................# ......
.....K..K(........# .PP.##
######+######K....# PP.# #.#
#.....# . ♣♣PP###########.#
#.....#
P♣♣............K@.######...[.#
P....P####.(..((..(...##.....#
.....###....(####............#
...........#.# #...........##
.....###...#.# #..............#
.....#.....#)# #####'#......#.#
.....#.#..##.########.#....#.....
.....#.....................###.##
.....#######.########......# #.##


You could see a kobold.

Vanquished Creatures
  A goblin (D:1)
  A hobgoblin (D:1)
  2 jackals (D:1)
  2 giant newts (D:1)
  2 kobolds (D:1)
  A rat (D:1)
9 creatures vanquished.

Notes
Turn   | Place    | Note
--------------------------------------------------------------
     0 | D:1      | Huymann, the Ogre Wizard, began the quest for the Orb.
     0 | D:1      | Reached XP level 1. HP: 16/16 MP: 4/4
   481 | D:1      | Reached XP level 2. HP: 6/24 MP: 0/6
   652 | D:1      | HP: 1/24 [kobold/short sword (2)]
   674 | D:1      | Slain by a kobold

Action                   || total
-------------------------++-------
Melee: Club              ||    21
Throw: Stone             ||     7
 Cast: Magic Dart        ||    22
